 Dungeon Crawl Stone Soup version 0.32-a0-119-g2e8054a333 (webtiles) character file.

Game seed: 14774198958294212594

281801 drugrobin the Sensei (level 18, 0/166 (176) HPs)
             Began as a Demigod Delver on Feb 6, 2024.
             Slain by a crystal guardian (2 damage)
             ... led by a peacekeeper
             ... on level 1 of the Vaults.
             The game lasted 02:42:20 (52132 turns).

drugrobin the Sensei (Demigod Delver)              Turns: 52132, Time: 02:42:21

HP:   0/166 (176)   AC: 13    Str: 26    XL:     18   Next: 75%
MP:   31/31         EV: 19    Int: 18    God:
Gold: 1468          SH: 12    Dex: 26    Spells: 17/29 levels left

rFire   . .          .
                       - Unarmed
rCold   + + +        G - +2 kite shield {reflect}
rNeg    + . .        S - +4 skin of Zhor {*Englaciate rC+++ SInv}
rPois   +            V - +2 hat
rElec   +            t - +2 cloak of Norix {rElec Will+ Str+3 Int-2}
rCorr   +            Y - +2 pair of gloves {Dex+3}
SInv    +            L - +2 pair of boots {Fly}
Will    ++++.        E - amulet of the acrobat
Stlth   +++          x - ring of Contentment {rN+ Will++ rCorr Str+2}
HPRegen 0.47/turn    W - ring of Duvousap {rPois AC+4}
MPRegen 0.22/turn

%: reflection, acrobat
@: about to teleport, spiked, corroded, flying, drained
A: high MP 1, forlorn, divine attributes
}: 2/15 runes: serpentine, barnacled
a: no special abilities


You were on level 1 of the Vaults.
You visited 6 branches of the dungeon, and saw 31 of its levels.
You also visited: Ossuary, Gauntlet and Ice Cave.

You collected 5101 gold pieces.
You spent 3633 gold pieces at shops.

Inventory:

Hand Weapons
 b - the +8 sling of the Wolf {heavy, rF++ rC+ SInv}
   (You found it on level 4 of the Shoals)

   rF++:      It greatly protects you from fire.
   rC+:       It protects you from cold.
   SInv:      It lets you see invisible.
Missiles
 w - 16 javelins (quivered)
 M - 8 curare-tipped darts
 U - 3 throwing nets
Armour
 t - the +2 cloak of Norix (worn) {rElec Will+ Str+3 Int-2}
   (You found it on level 11 of the Dungeon)

   Str+3:     It affects your strength (+3).
   Int-2:     It affects your intelligence (-2).
   rElec:     It insulates you from electricity.
   Will+:     It increases your willpower.
 G - a +2 kite shield of reflection (worn)
 L - a +2 pair of boots of flying (worn)
 S - the +4 skin of Zhor (worn) {*Englaciate rC+++ SInv}
   (You found it on level 1 of the Lair of Beasts)

   *Englaciate: It radiates cold, occasionally slowing all nearby creatures who
   are not resistant to cold.
   rC+++:     It renders you almost immune to cold.
   SInv:      It lets you see invisible.
 V - a +2 hat (worn)
 Y - a +2 pair of gloves of dexterity (worn)
Jewellery
 d - a +4 ring of protection
 k - the ring "Emizenifu" {+Blink rF+ Dex+5 Stlth-}
   (You found it in a Gauntlet)

   [ring of protection from fire]

   Dex+5:     It affects your dexterity (+5).
   rF+:       It protects you from fire.
   +Blink:    It lets you blink.
   Stlth-:    It makes you less stealthy.
 v - a ring of wizardry
 x - the ring of Contentment (left hand) {rN+ Will++ rCorr Str+2}
   (You found it in an ice cave)

   [ring of positive energy]

   Str+2:     It affects your strength (+2).
   rN+:       It protects you from negative energy.
   Will++:    It greatly increases your willpower.
   rCorr:     It protects you from acid and corrosion.
 E - an amulet of the acrobat (around neck)
 W - the ring of Duvousap (right hand) {rPois AC+4}
   (You found it in a Gauntlet)

   [ring of protection]

   AC+4:      It affects your AC (+4).
   rPois:     It protects you from poison
Talismans
 j - a storm talisman
 R - a blade talisman
Wands
 f - a wand of digging (9)
 y - a wand of flame (10)
 H - a wand of acid (22)
 N - a wand of roots (22)
 O - a wand of paralysis (38)
Scrolls
 g - 11 scrolls of identify
 i - 22 scrolls of teleportation
 n - 4 scrolls of fear
 o - 4 scrolls of revelation
 q - 8 scrolls of immolation
 B - 6 scrolls of vulnerability
 D - 4 scrolls of butterflies
 F - 5 scrolls of blinking
 K - 12 scrolls of fog
 Z - 2 scrolls of poison
Potions
 e - 6 potions of haste
 h - 2 potions of invisibility
 l - a potion of enlightenment
 m - 6 potions of heal wounds
 p - 17 potions of curing
 r - 2 potions of cancellation
 s - 7 potions of might
 z - 3 potions of lignification
 A - 2 potions of ambrosia
 C - 3 potions of resistance
 J - a potion of berserk rage
Miscellaneous
 a - a phial of floods
 c - a phantom mirror
 I - a box of beasts
 P - a lightning rod (4/4)
 Q - a condenser vane


   Skills:
 + Level 19.0 Fighting
 - Level 9.4 Dodging
 - Level 4.5 Stealth
 + Level 22.1 Unarmed Combat
 - Level 6.0 Spellcasting
 - Level 8.0 Evocations
 + Level 11.9 Shapeshifting


You had 17 spell levels left.
You knew the following spells:

 Your Spells              Type           Power      Damage    Failure   Level
a - Call Canine Familiar  Summ           5%         N/A       63%         3
b - Sigil of Binding      Hex            5%         N/A       63%         3
c - Summon Small Mammal   Summ           20%        N/A       26%         1
d - Mercury Vapours       Alch/Air       10%        N/A       38%         2
e - Mephitic Cloud        Conj/Alch/Air  5%         N/A       63%         3

Your spell library contained the following spells:

 Spells                   Type           Power      Damage    Failure   Level
 Apportation              Tloc           10%        N/A       26%         1
 Necrotise                Necr           20%        1d5       26%         1
 Shock                    Conj/Air       20%        1d4       26%         1
 Slow                     Hex            20%        N/A       26%         1
 Sting                    Conj/Alch      20%        1d4       26%         1
 Static Discharge         Conj/Air       10%        3-4/arc   38%         2
 Sublimation of Blood     Necr           5%         N/A       38%         2
 Confusing Touch          Hex            5%         N/A       63%         3
 Dazzling Flash           Conj/Hex       10%        N/A       63%         3
 Swiftness                Air            5%         N/A       63%         3
 Vampiric Draining        Necr           5%         2d6       63%         3
 Volatile Blastmotes      Fire/Tloc      10%        2d10      63%         3
 Airstrike                Air            2%         2d(1-17)  95%         4
 Dimensional Bullseye     Hex/Tloc       2%         N/A       95%         4
 Flame Wave               Conj/Fire      5%         2d5       95%         4
 Leda's Liquefaction      Alch/Erth      2%         N/A       95%         4
 Manifold Assault         Tloc           5%         N/A       95%         4
 Martyr's Knell           Necr/Summ      5%         N/A       95%         4
 Olgreb's Toxic Radiance  Alch           5%         N/A       95%         4
 Passage of Golubria      Tloc           5%         N/A       95%         4
 Petrify                  Alch/Erth      5%         N/A       95%         4
 Sticky Flame             Fire/Alch      5%         2d4       95%         4
 Summon Blazeheart Golem  Fire/Summ      5%         N/A       95%         4
 Summon Lightning Spire   Summ/Air       5%         N/A       95%         4
 Vhi's Electric Charge    Tloc/Air       10%        N/A       95%         4
 Curse of Agony           Necr           5%         N/A       100%        5
 Freezing Cloud           Conj/Ice/Air   2%         6-21      100%        5
 Irradiate                Conj/Alch      2%         3d12      100%        5
 Iskenderun's Battlesphe  Conj           5%         2d6       100%        5
 Lee's Rapid Deconstruct  Erth           2%         3d5*      100%        5
 Silence                  Hex/Air        2%         N/A       100%        5
 Bombard                  Conj/Erth      2%         9d1       100%        6
 Dispersal                Tloc           2%         N/A       100%        6
 Sculpt Simulacrum        Ice/Alch       2%         N/A       100%        6
 Starburst                Conj/Fire      2%         6d3       100%        6
 Ozocubu's Refrigeration  Ice            2%         4d8       100%        7
 Spellforged Servitor     Conj/Summ      2%         N/A       100%        7
 Disjunction              Tloc           2%         N/A       100%        8
 Lehudib's Crystal Spear  Conj/Erth      2%         10d2      100%        8
 Fire Storm               Conj/Fire      2%         8d1       100%        9
 Polar Vortex             Ice            2%         N/A       100%        9


Dungeon Overview and Level Annotations

Branches:
Dungeon (15/15)            Temple (0/1) D:5            Lair (5/5) D:9
 Shoals (4/4) Lair:2        Snake (4/4) Lair:3        Slime (0/5) Lair:4
    Orc (2/2) D:9             Elf (0/3) Orc:2        Vaults (1/5) D:13
 Depths (0/4) D:15        Ossuary (visited)           IceCv (visited)
Gauntlet (visited)

Shops:
D:6 *   D:14 ?   D:15 :   Orc:2 *!?([:!   Shoals:4 *   Snake:1 :   Snake:3 (

Annotations:
D:4 Menkaure
D:8 exclusion: door
D:15 Louise
Snake:3 3 runed translucent doors, exclusion: obsidian statue, ShellytheWitch's ghost, adept KoBr
Vaults:1 17 runed translucent doors, Saint Roka


Innate Abilities, Weirdness & Mutations

You have an increased reservoir of magic. (+10% MP)
You shall have no god before yourself.
Your divine heritage dramatically boosts your attributes as you level up.


Message History

You pummel the peacekeeper!!
The peacekeeper is severely damaged.
The peacekeeper bites you but does no damage.
The peacekeeper claws you.
The war gargoyle launches metal splinters at you.
The spray of metal splinters hits you!!
Unknown command.
The peacekeeper hurls a volley of spikes at you.
The volley of spikes skewers you!
The barbed spikes become lodged in your body.
Unknown command.
Unknown command.
Unknown command.
As you read the scroll of teleportation, it crumbles to dust.
You feel strangely unstable.
The war gargoyle hits you with a +0 flail of draining!
You partially resist.
You feel drained. The peacekeeper bites you! The peacekeeper misses you.
The war gargoyle launches metal splinters at you.
The spray of metal splinters misses you.
Unknown command.
Unknown command.
Unknown command.
Unknown command.
Unknown command.
Unknown command.
You pummel the peacekeeper!!
You destroy the peacekeeper!
Your Fighting skill increases to level 19!
Unknown command.
Unknown command.
Unknown command.
You pummel the war gargoyle!!
The war gargoyle is heavily damaged.
The war gargoyle hits you with a +0 flail of draining!!!
* * * LOW HITPOINT WARNING * * *
You partially resist.
You feel drained.
* * * LOW HITPOINT WARNING * * *
The crystal guardian hits you.
You die...

#.###..# #..##'##### ....#..#.
++..# #...##.. ....#..#. ++..#
#...###. .#.....#.. ++..#
##.>.###. ....#..#..+ ++..#
#.....###
....#..'..++++++++++..###.....###
#.###..#..++++++++++..##.......##
.......#.......9......##..#'#..##
.......#.......9@.....'...#.#...#
###########################.#####
......................###########
.................................
.................................
.................................
.................................
..................)..............
########....######'##############


You could see a crystal guardian (strong) and a war gargoyle (strong, catching
breath).

Vanquished Creatures
  Bai Suzhen (Snake:3)
  Jorgrun (D:14)
  Mlioglotl (Snake:3)
  A lich (IceCv)
  A kraken (Shoals:2)
  Polyphemus (Shoals:2)
  Gastronok (D:10)
  Ilsuiw (Shoals:3)
  18 nagarajas
  Donald (Shoals:2)
  2 vault wardens (Vaults:1)
  A fire giant (D:15)
  An ironbound preserver (Vaults:1)
  A very ugly thing (D:13)
  Snorg (Orc:1)
  4 merfolk javelineers (Shoals:4)
  An ettin (Vaults:1)
  7 merfolk impalers
  A great orb of eyes (Gauntlet)
  A yaktaur captain (Vaults:1)
  An entropy weaver (Vaults:1)
  2 ice dragons (Lair:5)
  5 salamander tyrants
  A caustic shrike simulacrum (IceCv)
  8 vault guards
  2 ogre magi
  A peacekeeper (Vaults:1)
  7 hydras
  10 centaur warriors
  3 catoblepae
  2 alligator snapping turtles
  7 anacondas
  16 two-headed ogres
  4 boulder beetles
  A death knight (D:13)
  6 merfolk aquamancers (Shoals:4)
  6 merfolk avatars
  2 tengu warriors (D:13)
  13 death yaks
  21 naga warriors
  6 shock serpents
  16 naga sharpshooters
  3 orc high priests
  Urug (Lair:4)
  Amaemon (Lair:2)
  5 skysharks
  A deep elf knight (D:13)
  3 salamander mystics
  9 sea snakes
  8 skeletal warriors
  9 deep trolls
  4 bog bodies (IceCv)
  2 spriggan simulacra (IceCv)
  6 naga ritualists
  4 mana vipers
  A swamp dragon (Lair:5)
  2 ironbound convokers (Vaults:1)
  6 lindwurms
  2 necromancers
  A flayed ghost (D:13)
  An obsidian statue (IceCv)
  2 deep elf pyromancers
  17 harpies
  A wolf spider (D:15)
  18 ugly things
  2 orc knights
  14 salamanders
  7 cyclopes
  27 manticores
  4 kobold blastminers
  8 fauns
  An ice statue (D:14)
  3 guardian serpents
  9 elephants
  7 torpor snails
  11 merfolk sirens
  Joseph (D:7)
  3 water nymphs
  12 naga magi
  29 black mambas
  3 vault sentinels (Vaults:1)
  5 gargoyles
  A rust devil (Lair:2)
  12 cane toads
  A cane toad (shapeshifter) (D:13)
  5 rime drakes
  7 yaktaurs
  11 komodo dragons
  4 tengu conjurers
  An anaconda simulacrum (IceCv)
  2 golden dragon simulacra (IceCv)
  2 ice devils (IceCv)
  18 freezing wraiths
  Psyche (D:10)
  13 trolls
  A merfolk (shapeshifter) (D:13)
  18 merfolk
  A troll (shapeshifter) (D:13)
  6 wind drakes
  A polar bear (Lair:4)
  3 tyrant leeches (Lair:5)
  6 alligator simulacra (IceCv)
  A glass eye (D:13)
  6 hornets (Lair:5)
  A tarantella (shapeshifter) (D:13)
  16 blink frogs
  A raiju (shapeshifter) (D:14)
  12 snapping turtles
  14 dream sheep
  10 slime creatures
  8 wyverns
  A vampire (D:8)
  A yak (shapeshifter) (D:14)
  4 water elementals
  4 shadows
  3 dire elephant simulacra (IceCv)
  43 yaks
  4 wraiths
  A human (D:13)
  2 minotaur simulacra (IceCv)
  A steam dragon (D:8)
  7 vampire mosquitoes
  4 basilisks
  4 wargs
  2 harpy simulacra (IceCv)
  52 nagas
  10 water moccasins
  3 acid dragons
  A hydra simulacrum (IceCv)
  2 swamp drakes (Lair:5)
  24 orc warriors
  An ice beast (shapeshifter) (D:15)
  22 ogres
  16 wolves
  4 laughing skulls
  18 centaurs
  3 elf zombies (Ossuary)
  6 kobold brigands
  7 bullfrogs
  6 scorpions
  5 wights (D:10)
  18 killer bees
  4 lindwurm simulacra (IceCv)
  28 nameless horrors
  2 electric eels (D:9)
  6 howler monkeys
  A crimson imp (Gauntlet)
  2 bombardier beetles
  3 centaur zombies (Ossuary)
  2 hounds (D:7)
  A jelly (D:6)
  5 human zombies
  20 orc priests
  A gnoll bouda (D:6)
  A human skeleton (D:6)
  4 iguanas
  31 orc wizards
  2 sleepcaps
  5 hell rats
  A polar bear simulacrum (D:11)
  3 wolf simulacra (D:11)
  4 yak simulacra (D:11)
  A crocodile zombie (Ossuary)
  3 mummies (Ossuary)
  5 gnolls
  5 adders
  2 white imps (D:8)
  An ufetubus (D:5)
  4 dart slugs
  3 ribbon worms
  68 orcs
  11 endoplasms
  4 giant cockroaches
  8 goblins
  7 hobgoblins
  13 jackals
  4 quokkas
  5 ball pythons
  6 bats
  2 frilled lizards
  33 kobolds
  An orc skeleton (D:6)
  3 orc zombies (D:6)
  7 rats
  2 river rat simulacra (D:11)
  4 tentacles (Shoals:2)
1230 creatures vanquished.

Vanquished Creatures (collateral kills)
  An ironbound preserver (Vaults:1)
  A naga sharpshooter (Snake:4)
  A manticore (Shoals:4)
  A hydra simulacrum (IceCv)
4 creatures vanquished.

Vanquished Creatures (others)
  A naga warrior (Snake:3)
  A tengu conjurer (D:13)
  4 tentacles (Shoals:2)
6 creatures vanquished.

Grand Total: 1240 creatures vanquished

Notes
Turn   | Place    | Note
-------+----------+-------------------------------------------
     0 | D:5      | drugrobin the Demigod Delver began the quest for the Orb.
     0 | D:5      | Reached XP level 1. HP: 18/18 MP: 3/3
    37 | D:5      | Noticed a bombardier beetle
    37 | D:5      | Noticed a scorpion
    38 | D:5      | Noticed a scorpion
    76 | D:5      | Noticed an orc wizard
    76 | D:5      | Noticed an orc priest
    88 | D:5      | Noticed an orc priest
   202 | D:3      | Reached skill level 2 in Unarmed Combat
   416 | D:1      | Reached XP level 2. HP: 25/25 MP: 4/4
   661 | D:1      | Reached skill level 3 in Unarmed Combat
   836 | D:1      | Reached XP level 3. HP: 27/30 MP: 5/5
  1343 | D:2      | Reached skill level 4 in Unarmed Combat
  1445 | D:2      | Reached XP level 4. HP: 37/37 MP: 6/6
  2681 | D:4      | Noticed Menkaure
  2963 | D:4      | Reached skill level 5 in Unarmed Combat
  3064 | D:5      | Reached XP level 5. HP: 20/42 MP: 7/7
  3364 | D:5      | Found a staircase to the Ecumenical Temple.
  3520 | D:4      | Noticed an ogre
  3749 | D:6      | Reached skill level 6 in Unarmed Combat
  3768 | D:6      | Found a sand-covered staircase.
  3773 | Ossuary  | Entered an ossuary
  3788 | Ossuary  | Reached XP level 6. HP: 46/50 MP: 8/8
  3941 | Ossuary  | Reached skill level 7 in Unarmed Combat
  3962 | Ossuary  | Reached XP level 7. HP: 48/56 MP: 9/9
  4089 | Ossuary  | Reached skill level 8 in Unarmed Combat
  4672 | D:5      | Reached skill level 9 in Unarmed Combat
  4810 | D:5      | Reached XP level 8. HP: 53/62 MP: 10/10
  5691 | D:6      | Found Kegh's Mass Market.
  5698 | D:6      | Reached skill level 10 in Unarmed Combat
  6370 | D:7      | Reached skill level 1 in Evocations
  6944 | D:8      | Noticed a centaur warrior
  6965 | D:8      | Killed a centaur warrior
  6966 | D:8      | Reached skill level 11 in Unarmed Combat
  6966 | D:8      | Reached XP level 9. HP: 36/68 MP: 11/11
  7098 | D:8      | Noticed a six-headed hydra
  7098 | D:8      | Noticed a boulder beetle
  7190 | D:8      | Noticed Joseph
  7436 | D:8      | Noticed a gargoyle
  7444 | D:8      | Killed a gargoyle
  7447 | D:8      | Noticed a purple ugly thing
  7463 | D:7      | Killed a purple ugly thing
  7464 | D:7      | Reached skill level 12 in Unarmed Combat
  7478 | D:8      | Noticed a centaur warrior
  7777 | D:7      | Learned a level 3 spell: Call Canine Familiar
  7854 | D:8      | Learned a level 3 spell: Sigil of Binding
  8356 | D:8      | Noticed a nameless horror
  8376 | D:7      | Killed Joseph
  8377 | D:7      | Reached XP level 10. HP: 37/74 MP: 8/13
  8510 | D:8      | Reached skill level 13 in Unarmed Combat
  8895 | D:9      | Noticed a two-headed ogre
  8964 | D:9      | Noticed a nameless horror
  8988 | D:8      | Killed a nameless horror
  8999 | D:8      | Killed a centaur warrior
  9000 | D:8      | Reached skill level 5 in Dodging
  9123 | D:8      | Killed a boulder beetle
  9423 | D:8      | Killed a six-headed hydra
  9863 | D:9      | Noticed a two-headed ogre
  9879 | D:8      | Reached skill level 14 in Unarmed Combat
 10296 | D:9      | Reached XP level 11. HP: 77/81 MP: 14/14
 10659 | D:9      | Noticed a death yak
 10659 | D:9      | Noticed a death yak
 10675 | D:9      | Noticed a death yak
 10787 | D:8      | Killed a death yak
 10930 | D:8      | Killed a two-headed ogre
 11587 | D:9      | Killed a two-headed ogre
 11643 | D:9      | Found a staircase to the Lair.
 11775 | D:10     | Entered Level 10 of the Dungeon
 11940 | D:10     | Reached skill level 5 in Fighting
 12020 | D:10     | Noticed a two-headed ogre
 12044 | D:10     | Killed a two-headed ogre
 12436 | D:10     | Identified the orb of the Guilds {mayhem, Rampage *Slow
                  | SInv Earth}
 12445 | D:10     | Noticed Psyche
 12455 | D:10     | Killed Psyche
 12520 | D:10     | Noticed Gastronok
 12545 | D:10     | Killed Gastronok
 12546 | D:10     | Reached skill level 15 in Unarmed Combat
 12929 | D:11     | Found a gate leading to a gauntlet.
 12935 | Gauntlet | Entered a Gauntlet
 12935 | Gauntlet | Noticed a soul eater
 12935 | Gauntlet | Found a transporter.
 12935 | Gauntlet | Found a transporter.
 12935 | Gauntlet | Found a transporter.
 12935 | Gauntlet | Found a transporter.
 12939 | Gauntlet | Found a transporter.
 12939 | Gauntlet | Found a transporter.
 12941 | Gauntlet | Noticed a quicksilver ooze
 12942 | Gauntlet | Noticed a great orb of eyes
 12949 | Gauntlet | Found a transporter.
 12950 | Gauntlet | Found a transporter.
 12953 | Gauntlet | Found a transporter.
 12954 | Gauntlet | Found a transporter.
 12962 | Gauntlet | Noticed an orange crystal statue
 12963 | Gauntlet | Found a transporter.
 12967 | Gauntlet | Found a transporter.
 12970 | Gauntlet | Noticed an obsidian statue
 13444 | Gauntlet | Killed a great orb of eyes
 13450 | Gauntlet | Identified the ring "Emizenifu" {+Blink rF+ Dex+5 Stlth-}
 13660 | Gauntlet | Identified the ring of Duvousap {rPois AC+4}
 13686 | Gauntlet | Identified the +4 broad axe of the Lonely Moons {venom,
                  | ^Drain +Blink rN+ SInv}
 13686 | Gauntlet | Noticed a minotaur
 13886 | D:11     | Noticed a skeletal warrior
 13890 | D:11     | Noticed a skeletal warrior
 13916 | D:10     | Killed a skeletal warrior
 14134 | D:11     | Noticed a two-headed ogre
 14145 | D:11     | Killed a two-headed ogre
 14146 | D:11     | Reached XP level 12. HP: 88/100 MP: 15/15
 14599 | D:11     | Identified the +2 cloak of Norix {rElec Will+ Str+3 Int-2}
 14981 | D:11     | Reached skill level 16 in Unarmed Combat
 15632 | D:9      | Found a staircase to the Orcish Mines.
 15654 | Orc:1    | Entered Level 1 of the Orcish Mines
 16177 | Orc:1    | Noticed Snorg
 16188 | Orc:1    | Killed Snorg
 16762 | Orc:2    | Entered Level 2 of the Orcish Mines
 16902 | Orc:2    | Found Tomus's Antique Armour Shop.
 16948 | Orc:2    | Found Tyetaiv's Distillery.
 16996 | Orc:2    | Reached skill level 10 in Fighting
 17408 | Orc:2    | Reached XP level 13. HP: 92/114 MP: 16/16
 17481 | Orc:2    | Reached skill level 17 in Unarmed Combat
 18538 | Orc:2    | Found Fazeunk's Antique Weapon Emporium.
 18540 | Orc:2    | Found Leots's Book Boutique.
 18800 | Orc:2    | Found Ryijoh's Magic Scroll Shop.
 18801 | Orc:2    | Found Vanojy's Distillery.
 18809 | Orc:2    | Bought a potion of lignification for 54 gold pieces
 18809 | Orc:2    | Bought a potion of heal wounds for 90 gold pieces
 18809 | Orc:2    | Bought a potion of curing for 54 gold pieces
 18809 | Orc:2    | Bought a potion of curing for 54 gold pieces
 18809 | Orc:2    | Bought a potion of might for 72 gold pieces
 18814 | Orc:2    | Bought a scroll of acquirement for 780 gold pieces
 18814 | Orc:2    | Acquired 995 gold pieces
 18818 | Orc:2    | Bought a scroll of identify for 30 gold pieces
 18818 | Orc:2    | Bought a scroll of immolation for 60 gold pieces
 18818 | Orc:2    | Bought a scroll of teleportation for 45 gold pieces
 18818 | Orc:2    | Bought a scroll of enchant weapon for 112 gold pieces
 19146 | Orc:2    | Bought a scroll of blinking for 112 gold pieces
 19231 | Orc:2    | Bought a potion of magic for 128 gold pieces
 19427 | Orc:2    | Found a staircase to the Elven Halls.
 19570 | Orc:2    | Found Somp's General Store.
 19579 | Orc:2    | Bought a scroll of vulnerability for 56 gold pieces
 19579 | Orc:2    | Bought a potion of might for 56 gold pieces
 19763 | Lair:1   | Entered Level 1 of the Lair of Beasts
 20420 | Lair:1   | Found the +4 skin of Zhor {*Englaciate rC+++ SInv}
 21147 | Lair:2   | Reached skill level 18 in Unarmed Combat
 21173 | Lair:2   | Noticed Amaemon
 21209 | Lair:2   | Killed Amaemon
 21308 | Lair:2   | Found a staircase to the Shoals.
 21325 | Lair:2   | Reached XP level 14. HP: 106/127 MP: 18/18
 22122 | Lair:3   | Reached skill level 1 in Spellcasting
 22964 | Lair:3   | Found a staircase to the Snake Pit.
 23311 | Lair:3   | Got the Guide on the Roasted Wind
 23324 | Lair:3   | Identified the +5 great mace "Raisin" {flame, Str+5}
 23472 | Lair:4   | Learned a level 1 spell: Summon Small Mammal
 23664 | Lair:4   | Found a staircase to the Slime Pits.
 23710 | Lair:4   | Noticed Urug
 23740 | Lair:4   | Killed Urug
 24293 | Lair:5   | Entered Level 5 of the Lair of Beasts
 24454 | Lair:5   | Reached skill level 5 in Evocations
 27381 | D:12     | Reached skill level 5 in Spellcasting
 27415 | D:12     | Reached XP level 15. HP: 134/134 MP: 26/26
 27433 | D:12     | Reached skill level 1 in Shapeshifting
 28023 | D:12     | Learned a level 2 spell: Mercury Vapours
 28653 | D:13     | Found a gate to the Vaults.
 28993 | D:13     | Reached skill level 19 in Unarmed Combat
 30585 | D:14     | Noticed Jorgrun
 30918 | D:14     | Killed Jorgrun
 31115 | D:14     | Found Mono's Magic Scroll Shoppe.
 31137 | D:14     | Bought a scroll of acquirement for 780 gold pieces
 31137 | D:14     | Bought a scroll of acquirement for 780 gold pieces
 31137 | D:14     | Bought a scroll of amnesia for 60 gold pieces
 31137 | D:14     | Acquired the Folio of the Tired Geomancers
 31143 | D:14     | Acquired a manual of Fighting
 31772 | D:15     | Entered Level 15 of the Dungeon
 31791 | D:15     | Found Wonit's Tremendous Tomes.
 31832 | D:15     | Found a staircase to the Depths.
 31832 | D:15     | Noticed a fire giant
 31856 | D:15     | Killed a fire giant
 31857 | D:15     | Reached skill level 5 in Shapeshifting
 32178 | D:15     | Noticed Louise
 32458 | Snake:1  | Entered Level 1 of the Snake Pit
 32652 | Snake:1  | Identified the +1 short sword "Qomookal" {freeze, rC++
                  | Str+6 Int-4}
 33032 | Snake:1  | Reached XP level 16. HP: 99/144 MP: 29/29
 33306 | Snake:1  | Found Xillitsy's Self-Improvement Boutique.
 34637 | Snake:3  | Noticed Mlioglotl
 34638 | Snake:3  | Found Plog's Antique Weapon Shoppe.
 34666 | Snake:3  | Killed Mlioglotl
 35069 | Snake:3  | Noticed Bai Suzhen
 35074 | Snake:3  | Reached skill level 20 in Unarmed Combat
 35096 | Snake:4  | Entered Level 4 of the Snake Pit
 35235 | Snake:3  | Killed Bai Suzhen
 35496 | Snake:3  | Found a runed translucent gate.
 35496 | Snake:3  | Found a runed translucent gate.
 35496 | Snake:3  | Found a runed translucent gate.
 35640 | Snake:3  | Noticed ShellytheWitch's ghost (adept KoBr)
 36625 | Snake:3  | Reached skill level 15 in Fighting
 36919 | Snake:3  | Identified the +1 cloak "Geilyh" {Will+ Int+3}
 39837 | Snake:4  | Found a runed translucent door.
 39866 | Snake:4  | Reached XP level 17. HP: 125/158 MP: 20/30
 42827 | Snake:4  | Got a serpentine rune of Zot
 43058 | Shoals:1 | Entered Level 1 of the Shoals
 43273 | Shoals:1 | Reached skill level 21 in Unarmed Combat
 43969 | Shoals:2 | Found a glacial archway.
 43978 | IceCv    | Entered an ice cave
 44856 | IceCv    | Reached skill level 10 in Shapeshifting
 44981 | IceCv    | Noticed a lich
 44996 | IceCv    | Killed a lich
 45047 | IceCv    | Identified the ring of Contentment {rN+ Will++ rCorr Str+2}
 45556 | Shoals:2 | Noticed Donald
 45604 | Shoals:2 | Killed Donald
 45822 | Shoals:2 | Upgraded the game from 0.32-a0-86-g8db1b9f803 to
                  | 0.32-a0-119-g2e8054a333
 46193 | Shoals:2 | Noticed Polyphemus
 46206 | Shoals:2 | Killed Polyphemus
 47128 | Shoals:3 | Reached XP level 18. HP: 168/172 MP: 31/31
 47155 | Shoals:3 | Noticed Ilsuiw
 47569 | Shoals:3 | Killed Ilsuiw
 48127 | Shoals:4 | Entered Level 4 of the Shoals
 48232 | Shoals:4 | Identified the ring "Zustrimin" {rC- rN+ Will+ Str+6}
 48713 | Shoals:4 | Identified the +8 sling of the Wolf {heavy, rF++ rC+ SInv}
 48852 | Shoals:4 | Got a barnacled rune of Zot
 48854 | Shoals:4 | Got an azure gem with 0 turns to spare
 48911 | Shoals:4 | Found Fomar's Assorted Antiques.
 48920 | Shoals:4 | Bought an ebony dagger for 217 gold pieces
 48920 | Shoals:4 | Identified the +7 dagger of Eciffio {drain, ^Fragile rC+++
                  | Str+5} (You bought it in a shop on level 4 of the Shoals)
 48929 | Shoals:4 | Bought a scroll of teleportation for 93 gold pieces
 50178 | Shoals:4 | Learned a level 3 spell: Mephitic Cloud
 50234 | Shoals:4 | Identified the +7 glaive "Neyhes" {antimagic, rF++ rCorr
                  | Str+4}
 50500 | Vaults:1 | Entered Level 1 of the Vaults
 50939 | Vaults:1 | Reached skill level 22 in Unarmed Combat
 51042 | Vaults:1 | Identified the staff of Disharmony {rElec Conj}
 51345 | Vaults:1 | Identified the +5 kite shield of Feasting {rF+ Str+4 Dex+3
                  | Slay-2}
 51659 | Vaults:1 | Noticed Saint Roka
 52102 | Vaults:1 | Found a huge runed translucent gate.
 52102 | Vaults:1 | Found a huge runed translucent gate.
 52102 | Vaults:1 | Found a huge runed translucent gate.
 52103 | Vaults:1 | Found a huge runed translucent gate.
 52103 | Vaults:1 | Found a huge runed translucent gate.
 52104 | Vaults:1 | Found a huge runed translucent gate.
 52104 | Vaults:1 | Found a huge runed translucent gate.
 52104 | Vaults:1 | Found a huge runed translucent gate.
 52104 | Vaults:1 | Found a huge runed translucent gate.
 52104 | Vaults:1 | Found a huge runed translucent gate.
 52107 | Vaults:1 | Found a huge runed translucent gate.
 52108 | Vaults:1 | Found a huge runed translucent gate.
 52109 | Vaults:1 | Found a huge runed translucent gate.
 52110 | Vaults:1 | Found a huge runed translucent gate.
 52111 | Vaults:1 | Found a huge runed translucent gate.
 52111 | Vaults:1 | Found a huge runed translucent gate.
 52115 | Vaults:1 | Found a huge runed translucent gate.
 52132 | Vaults:1 | HP: 3/174 [war gargoyle/+0 flail of draining[a peacekeeper]
                  | (60)]
 52132 | Vaults:1 | Slain by a crystal guardian

Illustrated notes

Levels and vault maps discovered:
D:1:      ebering_trefoil_twist, layout_basic
D:2:      layout_basic, shapermc_ecumenical_altar_gd, serial_rivers,
          chequers_serial_rivers_micro_b, chequers_serial_rivers_micro_d,
          chequers_serial_rivers_small_b, chequers_serial_rivers_large_b
D:3:      wander_river, layout_loops_ring, lemuel_crystal_altar,
          mainiacjoe_overflow_catwalk_spiral
D:4:      layout_cave_pods, uniq_menkaure
D:5:      minmay_inner_zag, layout_basic, temple_green
D:6:      layout_basic, cheibrodos_worm_habitat,
          nicolae_ossuary_entry_catacombs, dk_noncrumbling_4, minmay_shop_mass,
          hangedman_abyss_or_decor_stabs, nicolae_kite_square_tiling_tiny
D:7:      layout_basic
D:8:      minmay_the_grid_triangle_9x9_recursive_2
          [minmay_the_grid_triangle_9x9_prize_schism,
          minmay_the_grid_triangle_9x9_intruding_spiral,
          minmay_the_grid_triangle_9x9_from_above,
          minmay_the_grid_triangle_9x9_impossible_snake], layout_loops_corners,
          uniq_joseph
D:9:      layout_stronghold, grunt_dithmenos_smoke_and_mirrors,
          trog_hazing_becter, dpeg_lair_monsters, erik_orc_2, minivault_19,
          grunt_ministairs_4
D:10:     layout_long_grid, nicolae_ashenzari_skybound, uniq_psyche,
          uniq_gastronok
D:11:     layout_roguey, serial_curves, eino_curves_02, eino_curves_02,
          eino_curves_04, gauntlet_entry_generic, eino_house_with_fridge
D:12:     layout_loops_ring
D:13:     minmay_quarter_circles, layout_gridville,
          grunt_vaults_entry_fortified, tso_metal_star
D:14:     lemuel_ice_statue, layout_cave_pools, hangedman_decor_diamond_cutter,
          serial_shops, shop, nicolae_straight_to_the_point, uniq_jorgrun
D:15:     grunt_enter_depths_giant_problem, layout_cave_pools,
          hangedman_abyss_or_decor_lesser_grid, nicolae_shop_i_like_big_books,
          uniq_louise
Lair:1:   layout_cave_pods, hellmonk_guarded_unrand_zhor, lemuel_fruit_tree
Lair:2:   layout_regular_city, minmay_shoals_entry_beasts, serial_bayou_ford_a,
          infiniplex_staircase_pool_2, grunt_megastairs_4, lemuel_fruit_fields,
          uniq_amaemon
Lair:3:   layout_hall_layers, alex1729_snake_entry_snake, minmay_lindwurm_lava
Lair:4:   layout_roguey, slime_entry_1, uniq_urug
Lair:5:   wormcave, layout_long_grid, guppyfry_lair_end_dragon, st_stairs_9,
          grunt_megastairs_5, serial_bayou_shore_b
Shoals:1: layout_shoals
Shoals:2: layout_shoals, portal_ice_cave_entry_pillars_2, centaur_isle,
          uniq_polyphemus, uniq_donald
Shoals:3: nzn_motion_control, layout_shoals, uniq_ilsuiw
Shoals:4: shoals_end_simple, layout_shoals, serial_shops,
          nicolae_shop_competitors_out_of_business
Snake:1:  layout_gridlike, nicolae_shop_self_help
Snake:2:  layout_misc_corridors
Snake:3:  layout_honeycomb, serial_shops, nicolae_shop_behind_doors,
          ebering_ghost_gozag, uniq_bai_suzhen, uniq_mlioglotl
Snake:4:  grunt_snake_rune_spirals, layout_onion, lightli_airlock
Orc:1:    layout_caves, regret_index_minedec_guest_junction, uniq_snorg
Orc:2:    st_orc_open, layout_caves, basic_altar, serial_shops,
          nicolae_shop_crystal, nicolae_lakefront_shop, shop
Vaults:1: gammafunk_ghost_door_vault, vaults_dpeg_doors,
          nicolae_vaults_shipping_containers_2, v_misc_16,
          nicolae_vaults_variable_pillar_hall,
          nicolae_vaults_variable_pillar_hall, grunt_vaults_funnel,
          nicolae_vaults_layer_cake_slice, ontoclasm_vaults_twist, v_misc_5,
          nicolae_vaults_double_plus_1, nicolae_vaults_trapezoid_lopsided_3,
          vaults_dpeg_ring, layout_vaults_quadrants, uniq_saint_roka

Skill      XL: |  1  2  3  4  5  6  7  8  9 10 11 12 13 14 15 16 17 18 |
---------------+-------------------------------------------------------+-----
Unarmed Combat | 2 3 4 5 6 7 9 11 12 14 15 16 18 19 20 21 22 | 22.1
Evocations     | 3 4 6 8 |  8.0
Dodging        | 3 6 7 9 |  9.4
Fighting       | 7 10 12 13 16 18 19 | 19.0
Spellcasting   | 5 6 |  6.0
Shapeshifting  | 5 8 10 11 | 11.9
Stealth        | |  4.5

Action                     |  1- 3 |  4- 6 |  7- 9 | 10-12 | 13-15 | 16-18 || total
---------------------------+-------+-------+-------+-------+-------+-------++-------
  Melee: Unarmed           |   207 |   228 |   389 |   865 |  1691 |  2047 ||  5427
         Punch             |     7 |     8 |    25 |     9 |       |     1 ||    50
         Dagger            |       |       |       |    21 |     2 |       ||    23
   Fire: Shortbow          |       |       |     1 |     2 |       |       ||     3
         Sling             |       |       |       |    24 |   113 |    24 ||   161
  Throw: Dart              |       |       |    17 |    40 |    63 |     1 ||   121
         Boomerang         |       |       |       |     9 |       |       ||     9
         Throwing net      |       |       |       |       |     1 |       ||     1
         Javelin           |       |       |       |       |       |    27 ||    27
   Cast: Call Canine Famil |       |       |     2 |     2 |     2 |    33 ||    39
         Summon Small Mamm |       |       |       |       |    24 |     8 ||    32
         Mercury Vapours   |       |       |       |       |    12 |    11 ||    23
         Mephitic Cloud    |       |       |       |       |       |     2 ||     2
  Evoke: Wand              |       |       |    10 |     5 |     4 |    16 ||    35
         Lightning rod     |       |       |       |     4 |       |     4 ||     8
         Condenser vane    |       |       |       |       |       |     1 ||     1
    Use: Scroll            |     2 |       |       |    10 |    16 |     5 ||    33
         Potion            |       |       |       |     4 |     1 |     3 ||     8
   Stab: Sleeping          |     3 |       |       |       |    12 |    14 ||    29
         Paralysed         |       |       |    12 |       |       |     1 ||    13
         Distracted        |       |       |       |     2 |     4 |     8 ||    14
         Held in net/web   |       |       |       |       |     1 |       ||     1
         Petrified         |       |       |       |       |       |     5 ||     5
         Confused          |       |       |       |       |       |     3 ||     3
 Armour: Ring mail         |    55 |       |       |       |       |       ||    55
         Leather armour    |    10 |       |       |       |       |       ||    10
         Chain mail        |    20 |    49 |       |       |       |       ||    69
         Plate armour      |       |    54 |   227 |   355 |   154 |       ||   790
         Troll leather arm |       |       |    22 |   128 |       |       ||   150
         Animal skin       |       |       |       |       |   418 |   841 ||  1259
  Dodge: Dodged            |   148 |    98 |   177 |   503 |   970 |  1085 ||  2981
  Block: Buckler           |       |       |       |   140 |   277 |   358 ||   775
         Kite shield       |       |       |       |       |       |   282 ||   282
         Reflection        |       |       |       |       |       |    23 ||    23
         Form:             |       |       |       |       |       |     1 ||     1
         Blade             |       |       |       |       |       |     1 ||     1

Table legend: (Time is in decaauts)
 A = Elapsed time spent in this place.
 B = Non-inter-level travel time spent in this place.
 C = Inter-level travel time spent in this place.
 D = Time resting spent in this place.
 E = Time spent auto-exploring this place.
 F = Levels seen in this place.
 G = Mean time per level.
                   A        B        C        D        E       F      G
               +--------+--------+--------+--------+--------+-----+--------+
         Total |  50964 |  48356 |   2608 |   9007 |  23795 |  34 | 1498.9 |
       Dungeon |  20037 |  18549 |   1488 |   3049 |   9514 |  15 | 1335.8 |
          Lair |   7438 |   6884 |    554 |    690 |   4153 |   5 | 1487.6 |
        Shoals |   5897 |   5722 |    175 |    895 |   2897 |   4 | 1474.2 |
     Snake Pit |  10102 |   9832 |    270 |   2643 |   4283 |   4 | 2525.5 |
  Orcish Mines |   3667 |   3547 |    120 |   1136 |   1345 |   2 | 1833.5 |
        Vaults |   1586 |   1586 |      0 |    152 |    885 |   1 | 1586.0 |
       Ossuary |    424 |    424 |      0 |      0 |    244 |   1 |  424.0 |
      Ice Cave |   1059 |   1059 |      0 |    185 |    356 |   1 | 1059.0 |
      Gauntlet |    751 |    751 |      0 |    253 |    118 |   1 |  751.0 |
               +--------+--------+--------+--------+--------+-----+--------+

Top non-repeatable levels by time:
 Snake:4: 5478 daAuts
    D:13: 2805 daAuts
     D:8: 2703 daAuts
  Lair:5: 2448 daAuts
     D:9: 2399 daAuts
   Orc:1: 2053 daAuts
Shoals:4: 2031 daAuts
 Snake:3: 1981 daAuts
Shoals:2: 1911 daAuts
   Orc:2: 1613 daAuts
Vaults:1: 1586 daAuts
    D:10: 1389 daAuts
 Snake:1: 1365 daAuts
     D:7: 1344 daAuts
  Lair:3: 1321 daAuts
